 Dungeon Crawl Stone Soup version 0.20.0-14-g326068f (webtiles) character file.

11582 Naow the Mender (level 11, 0/88 HPs)
             Began as a Deep Dwarf Fighter on June 7, 2017.
             Was a Priest of Elyvilon.
             Slain by a 13-headed hydra (1 damage)
             ... on level 1 of the Lair of Beasts.
             The game lasted 00:33:00 (9494 turns).

Naow the Mender (Deep Dwarf Fighter)                Turns: 9494, Time: 00:33:00

Health: 0/88       AC: 13    Str: 28    XL:     11   Next: 51%
Magic:  13/13      EV: 20    Int:  9    God:    Elyvilon [***...]
Gold:   689        SH: 12    Dex: 17    Spells: 9/10 levels left

rFire    . . .     SeeInvis +   a - +0 war axe
rCold    . . .     Gourm    .   c - +0 shield
rNeg     + . .     Faith    .   N - +2 ring mail of Fun {*Drain +Blink rN+ SInv}
rPois    +         Spirit   .   k - +1 helmet
rElec    .         Reflect  .   (no cloak)
rCorr    .         Harm     .   G - +0 pair of gloves
MR       +....                  E - +0 pair of boots
Stlth    ++........             (no amulet)
Regen    0.0/turn               x - +2 ring of evasion
MPRegen  0.2/turn               t - ring of poison resistance

@: mighty, agile, non-regenerating
A: damage resistance, heal wounds, sense surroundings 2, no regeneration
a: Heal Wounds, Lesser Healing, Heal Other, Purification, Divine Protection,
Renounce Religion, Evoke Blink


You were on level 1 of the Lair of Beasts.
You worshipped Elyvilon.
Elyvilon was most pleased with you.
You were not hungry.

You visited 3 branches of the dungeon, and saw 13 of its levels.

You collected 909 gold pieces.
You spent 220 gold pieces at shops.

Inventory:

Hand Weapons
 a - a +0 war axe (weapon)
Armour
 b - a +0 scale mail
 c - a +0 shield (worn)
 k - a +1 helmet (worn)
 y - a +2 ring mail of positive energy
 E - a +0 pair of boots (worn)
 G - a +0 pair of gloves (worn)
 N - the +2 ring mail of Fun (worn) {*Drain +Blink rN+ SInv}
   (You found it on level 9 of the Dungeon)

   It protects you from negative energy.
   It lets you see invisible.
   It lets you blink.
   It causes draining when unequipped.
Jewellery
 t - a ring of poison resistance (right hand)
 u - a +4 ring of evasion
 w - an uncursed ring of fire
 x - a +2 ring of evasion (left hand)
 R - an uncursed amulet of faith {unknown}
Wands
 H - a wand of flame (32/48)
 J - a wand of digging (14/24)
 M - a wand of confusion (23/48)
 S - a wand of iceblast (7/15)
 W - a wand of iceblast (10/15)
 X - a wand of digging (10/24)
Scrolls
 e - 10 scrolls of teleportation
 h - 5 scrolls of identify
 j - 5 scrolls of immolation
 l - 2 scrolls of remove curse
 n - a scroll of magic mapping
 r - a scroll of fear
 L - 2 scrolls of recharging
 V - a scroll of brand weapon
Potions
 d - 2 potions of might
 i - 7 potions of curing
 m - 2 potions of invisibility
 p - 2 potions of heal wounds
 q - 2 potions of agility
 s - 5 potions of lignification
 v - 2 potions of flight
 z - 3 potions of ambrosia
 A - a potion of haste
 B - a potion of magic {unknown}
 C - 2 potions of brilliance {unknown}
 D - a potion of resistance {unknown}
 I - 2 potions of degeneration
 T - 2 potions of berserk rage {unknown}
Books
 K - Idwe's Grimoire of Supportive Boosts
   (You found it on level 1 of the Lair of Beasts)

   Spells                             Type                      Level
   a - Summon Butterflies             Summoning                    1
   b - Summon Small Mammal            Summoning                    1
   c - Swiftness                      Charms/Air                   2
   d - Summon Lightning Spire         Summoning/Air                4
   e - Iskenderun's Battlesphere      Conjuration/Charms           5
   f - Summon Forest                  Summoning/Translocation      5
 P - a book of Cantrips

   Spells                             Type                      Level
   a - Confusing Touch                Hexes                        1
   b - Animate Skeleton               Necromancy                   1
   c - Summon Small Mammal            Summoning                    1
   d - Apportation                    Translocation                1
 Q - a book of Party Tricks

   Spells                             Type                      Level
   a - Summon Butterflies             Summoning                    1
   b - Apportation                    Translocation                1
   c - Lesser Beckoning               Translocation                3
   d - Tukima's Dance                 Hexes                        3
   e - Alistair's Intoxication        Transmutation/Poison         5
   f - Invisibility                   Hexes                        6
 U - a book of Geomancy

   Spells                             Type                      Level
   a - Sandblast                      Earth                        1
   b - Passwall                       Transmutation/Earth          2
   c - Stone Arrow                    Conjuration/Earth            3
   d - Petrify                        Transmutation/Earth          4
   e - Lee's Rapid Deconstruction     Earth                        5
Comestibles
 f - 6 bread rations
 g - 7 meat rations
 o - 36 fruits
 F - 2 royal jellies
 O - 7 chunks of flesh


   Skills:
 - Level 2.6 Fighting
 - Level 8.4 Axes
 - Level 6.6 Armour
 - Level 5.5 Dodging
 - Level 6.5 Shields
 + Level 17.2 Invocations


You had 9 spell levels left.
You knew the following spells:

 Your Spells              Type           Power        Failure   Level  Hunger
a - Apportation           Tloc           #.....       86%         1    ##.....


Dungeon Overview and Level Annotations

Branches:
Dungeon (11/15)            Temple (1/1) D:6            Lair (1/6) D:11
    Orc: D:9-12

Altars:
Ashenzari
Cheibriados
Dithmenos
Elyvilon
Fedhas
Gozag
Hepliaklqana
Kikubaaqudgha
Makhleb
Nemelex Xobeh
Okawaru
Qazlal
Ru
Sif Muna
Trog
Uskayaw
Vehumet
Yredelemnul
Zin
The Shining One

Shops:
D:8 (   D:11 ?(

Annotations:
D:2 Sigmund
D:5 letownia's ghost, novice BaGl


Innate Abilities, Weirdness & Mutations

You are resistant to damage.
You can heal yourself by infusing magical energy.
You passively map the area around you.
You do not regenerate.


Message History

The 12-headed hydra completely misses you.
The 12-headed hydra bites you but does no damage.
You block the 12-headed hydra's attack. The 12-headed hydra barely misses you.
The 12-headed hydra bites you but does no damage.
The 12-headed hydra bites you.
You slice one of the 12-headed hydra's heads off!
The 11-headed hydra grows two more!
You slash the 13-headed hydra!
The 13-headed hydra is heavily wounded.
You block the 13-headed hydra's attack. The 13-headed hydra bites you!
* * * LOW HITPOINT WARNING * * *
The 13-headed hydra closely misses you. You block the 13-headed hydra's attack.
The 13-headed hydra bites you but does no damage.
The 13-headed hydra completely misses you.
The 13-headed hydra barely misses you. The 13-headed hydra bites you.
* * * LOW HITPOINT WARNING * * *
The 13-headed hydra bites you but does no damage.
The 13-headed hydra bites you!
* * * LOW HITPOINT WARNING * * *
The 13-headed hydra bites you.
You die...

#..*....,........###.#
*..##..# #.####. ##.# #.##..*
#.. # ###..## #.##.####.#
###.....##
#.......#.####........##
#.#...#.#.##...###.....#
##.#.......##...##.#.#.##
###........#........##.#.#
##.........@D........##....
###P..#..#.............####.#.
####.#..##...#.#P####...###
..# ........###....### #...# *
.## ......### ##.### ##### ,
###.#.# #.#* * ###.# P.. ..# #
..# #.#


You could see a 13-headed hydra.

Vanquished Creatures
  3 two-headed ogres
  An unseen horror (D:11)
  2 ugly things
  A cyclops (D:11)
  Psyche (D:8)
  2 kobold demonologists (D:11)
  Prince Ribbit (D:7)
  2 hippogriffs
  A shadow (D:11)
  11 yaks
  Edmund (D:5)
  3 water moccasins (Lair:1)
  Duvessa (D:6)
  3 orc warriors
  2 ice beasts
  A sky beast (D:6)
  7 ogres
  The ghost of Crag the Slasher, an amateur DsGl (D:4)
  A centaur (D:10)
  A crocodile (Lair:1)
  A big kobold (D:8)
  4 bullfrogs
  Dowan (D:6)
  A water moccasin zombie (D:5)
  3 scorpions
  5 wights (D:11)
  13 killer bees
  A vampire bat (D:7)
  A howler monkey (D:4)
  11 crimson imps
  A quasit (D:9)
  A centaur zombie (D:10)
  7 hounds
  A jelly (D:10)
  5 orc priests
  A bullfrog skeleton (D:4)
  A centaur skeleton (D:4)
  5 iguanas
  7 orc wizards
  5 worker ants
  A hound zombie (D:7)
  A hound skeleton (D:5)
  A worker ant zombie (D:9)
  8 gnolls
  11 adders
  2 shadow imps
  A white imp (D:8)
  2 oozes
  An adder skeleton (D:10)
  An adder zombie (D:8)
  2 worms
  4 dart slugs
  8 leopard geckos
  29 orcs
  4 ball pythons
  2 bat skeletons (D:7)
  2 bat zombies (D:7)
  6 giant cockroaches
  10 goblins
  7 hobgoblins
  10 jackals
  8 kobolds
  4 quokkas
  7 bats
  6 frilled lizards
  A giant cockroach zombie (D:5)
  A leopard gecko skeleton (D:8)
  A leopard gecko zombie (D:5)
  14 rats
276 creatures vanquished.

Notes
Turn   | Place    | Note
-------+----------+-------------------------------------------
     0 | D:1      | Naow the Deep Dwarf Fighter began the quest for the Orb.
     0 | D:1      | Reached XP level 1. HP: 20/20 MP: 1/1
    71 | D:1      | Reached XP level 2. HP: 12/27 MP: 2/2
   643 | D:1      | Reached XP level 3. HP: 13/33 MP: 3/3
   888 | D:2      | Noticed Sigmund
   944 | D:2      | Reached XP level 4. HP: 32/40 MP: 3/3
  1090 | D:2      | Reached skill level 5 in Axes
  1441 | D:2      | Reached XP level 5. HP: 14/46 MP: 4/4
  1942 | D:4      | Found a hazy altar of Hepliaklqana.
  2006 | D:4      | Reached skill level 1 in Dodging
  2025 | D:4      | Reached XP level 6. HP: 35/55 MP: 5/5
  2092 | D:4      | Noticed Crag's ghost (amateur DsGl)
  2112 | D:4      | Killed Crag's ghost
  2138 | D:4      | Found a snail-covered altar of Cheibriados.
  2214 | D:4      | Found a glowing silver altar of Zin.
  2450 | D:4      | Reached XP level 7. HP: 34/61 MP: 6/6
  2795 | D:5      | Entered Level 5 of the Dungeon
  2956 | D:5      | Noticed Edmund
  2964 | D:5      | Killed Edmund
  2964 | D:5      | Reached skill level 5 in Armour
  3045 | D:5      | Reached skill level 5 in Shields
  3120 | D:5      | Noticed letownia's ghost (novice BaGl)
  3147 | D:6      | Found a glowing golden altar of the Shining One.
  3163 | D:6      | Found a staircase to the Ecumenical Temple.
  3169 | Temple   | Entered the Ecumenical Temple
  3210 | Temple   | Became a worshipper of Elyvilon the Healer
  3365 | D:6      | Reached XP level 8. HP: 26/68 MP: 6/6
  3491 | D:6      | Noticed Duvessa
  4071 | D:6      | Killed Duvessa
  4083 | D:6      | Noticed Dowan
  4093 | D:6      | Killed Dowan
  4101 | D:6      | Reached * piety under Elyvilon
  4371 | D:6      | Reached skill level 5 in Dodging
  4625 | D:7      | Noticed Prince Ribbit
  4679 | D:7      | Reached ** piety under Elyvilon
  4897 | D:7      | Found an ancient bone altar of Kikubaaqudgha.
  5117 | D:7      | Killed Prince Ribbit
  5491 | D:7      | Reached skill level 1 in Invocations
  5491 | D:7      | Gained mutation: You passively map the area around you. [Deep Dwarf growth]
  5491 | D:7      | Reached XP level 9. HP: 21/74 MP: 4/4
  5501 | D:7      | Reached skill level 2 in Invocations
  5594 | D:8      | Found Gim Miwi's Weapon Boutique.
  5632 | D:8      | Reached skill level 3 in Invocations
  5644 | D:8      | Reached skill level 4 in Invocations
  5756 | D:8      | Noticed Psyche
  5784 | D:8      | Reached skill level 5 in Invocations
  5911 | D:8      | Killed Psyche
  5911 | D:8      | Reached skill level 7 in Invocations
  6194 | D:8      | Reached skill level 8 in Invocations
  6463 | D:9      | Reached skill level 9 in Invocations
  6496 | D:9      | Got a faintly glowing ring mail
  6526 | D:9      | Identified the +2 ring mail of Fun {*Drain +Blink rN+ SInv} (You found it on level 9 of the Dungeon)
  6547 | D:9      | Reached *** piety under Elyvilon
  6648 | D:9      | Learned a level 1 spell: Apportation
  6683 | D:9      | Noticed a purple ugly thing
  6707 | D:9      | Killed a purple ugly thing
  6707 | D:9      | Reached skill level 10 in Invocations
  6902 | D:9      | Reached XP level 10. HP: 39/81 MP: 10/10
  6951 | D:9      | Noticed a two-headed ogre
  6965 | D:9      | Killed a two-headed ogre
  6965 | D:9      | Reached skill level 11 in Invocations
  7293 | D:10     | Entered Level 10 of the Dungeon
  7304 | D:10     | Reached skill level 12 in Invocations
  7382 | D:10     | Reached skill level 13 in Invocations
  7645 | D:10     | Noticed a two-headed ogre
  7663 | D:10     | Killed a two-headed ogre
  7663 | D:10     | Reached skill level 14 in Invocations
  7743 | D:10     | Noticed a purple ugly thing
  7794 | D:10     | Killed a purple ugly thing
  8217 | D:11     | Noticed a cyclops
  8242 | D:11     | Killed a cyclops
  8242 | D:11     | Reached skill level 15 in Invocations
  8242 | D:11     | Reached XP level 11. HP: 27/88 MP: 11/13
  8592 | D:11     | Noticed an unseen horror
  8615 | D:11     | Killed an unseen horror
  8615 | D:11     | Reached skill level 16 in Invocations
  8693 | D:11     | Found Zekhaib's Magic Scroll Emporium.
  8720 | D:11     | Bought a scroll of brand weapon for 220 gold pieces
  8938 | D:11     | Noticed a two-headed ogre
  8999 | D:11     | Killed a two-headed ogre
  9046 | D:11     | Found Qimnaem's Antique Weapon Shop.
  9050 | D:11     | Noticed a soul eater
  9052 | D:11     | Noticed a sun demon
  9239 | D:11     | Found a staircase to the Lair.
  9258 | Lair:1   | Entered Level 1 of the Lair of Beasts
  9272 | Lair:1   | Identified Idwe's Grimoire of Supportive Boosts
  9328 | Lair:1   | Reached skill level 17 in Invocations
  9471 | Lair:1   | Noticed an eight-headed hydra
  9494 | Lair:1   | HP: 1/88 [13-headed hydra (10)]
  9494 | Lair:1   | Slain by a 13-headed hydra

Skill      XL: |  1  2  3  4  5  6  7  8  9 10 11 |
---------------+----------------------------------+-----
Axes           | 3 4 5 6 7 8 |  8.4
Dodging        | 1 2 4 5 |  5.5
Armour         | 4 5 6 |  6.6
Shields        | 4 5 6 |  6.5
Invocations    | 1 10 15 17 | 17.2
Fighting       | |  2.6

Action                   |  1- 3 |  4- 6 |  7- 9 | 10-12 || total
-------------------------+-------+-------+-------+-------++-------
Melee: War axe           |   103 |   213 |   542 |   572 ||  1430
       Unarmed           |       |       |     8 |       ||     8
Invok: Lesser Healing    |       |       |    16 |    64 ||    80
 Abil: Heal Wounds       |     1 |     2 |    22 |     7 ||    32
  Use: Scroll            |       |       |     4 |    14 ||    18
       Potion            |       |       |     2 |     2 ||     4
  Eat: Chunk             |       |     6 |    17 |    20 ||    43
Armor: Scale mail        |    57 |    80 |     3 |       ||   140
       Ring mail         |       |       |   150 |   178 ||   328
       Skin              |       |       |     4 |       ||     4
Dodge: Dodged            |    36 |    81 |   271 |   375 ||   763
Block: Shield            |    59 |   100 |   311 |   421 ||   891
